 Dungeon Crawl Stone Soup version 0.20.1-1-g8b1a95d (webtiles) character file.

8923 gobwax the Basher (level 11, -15/76 HPs)
             Began as a Hill Orc Fighter on Sept 8, 2017.
             Was an Elder of Hepliaklqana.
             Hit by a large rock thrown by a cyclops (32 damage)
             ... on level 11 of the Dungeon.
             The game lasted 00:19:46 (7919 turns).

gobwax the Basher (Hill Orc Fighter)                Turns: 7919, Time: 00:19:46

Health: -15/76     AC: 14    Str: 23      XL:     11   Next: 38%
Magic:  20/20      EV:  6    Int: 11 (13) God:    Hepliaklqana [****..]
Gold:   414        SH: 13    Dex: 13 (15) Spells: 10/10 levels left

rFire    . . .     SeeInvis +   K - +9 flail of Onoovvow {distort, SInv}
rCold    + . .     Gourm    .   c - +0 shield
rNeg     . . .     Faith    .   j - +0 chain mail
rPois    .         Spirit   .   F - +1 helmet
rElec    .         Reflect  .   (no cloak)
rCorr    .         Harm     .   (no gloves)
MR       .....                  e - +0 pair of boots
Stlth    ..........             (no amulet)
Regen    0.3/turn               v - +3 ring of dexterity
MPRegen  0.2/turn               O - ring of magical power

@: brilliant, hasted, very quick
A: reduced essence, large bone plates 1, agile 1, blink, cold resistance 1,
frail 1, sturdy frame 1
a: Blink, Recall Ancestor, Ancestor Identity, Transference, Idealise, Renounce
Religion


You were on level 11 of the Dungeon.
You worshipped Hepliaklqana.
Hepliaklqana was greatly pleased with you.
You were not hungry.

You visited 2 branches of the dungeon, and saw 12 of its levels.

You collected 564 gold pieces.
You spent 150 gold pieces at shops.

Inventory:

Hand Weapons
 a - a +0 war axe
 s - the +11 whip of the Extremely Mad {freeze, *Corrode rN+ MR+}
   (You bought it in a shop on level 4 of the Dungeon)

   It has been specially enchanted to freeze those struck by it, causing extra
   injury to most foes and up to half again as much damage against particularly
   susceptible opponents.
   It can also slow down cold-blooded creatures.
   It protects you from negative energy.
   It affects your resistance to hostile enchantments.
   It may corrode you when you take damage.
 z - the +8 hand axe "Adeoca" {drain, Int+2 Dex+3}
   (You found it on level 5 of the Dungeon)

   A truly terrible weapon, it drains the life of those it strikes.
   It affects your intelligence (+2).
   It affects your dexterity (+3).
 K - the +9 flail of Onoovvow (weapon) {distort, SInv}
   (You found it on level 8 of the Dungeon)

   It warps and distorts space around it.
   Unwielding it can cause banishment or high damage.
   It lets you see invisible.
Missiles
 x - a javelin (quivered)
Armour
 b - a +0 scale mail
 c - a +0 shield (worn)
 e - a +0 pair of boots (worn)
 j - a +0 chain mail (worn)
 F - a +1 helmet (worn)
Jewellery
 v - a +3 ring of dexterity (left hand)
 O - a ring of magical power (right hand)
 P - a cursed amulet of inaccuracy
Wands
 d - a wand of flame (10/48)
 t - a wand of acid (5/15)
 D - a wand of iceblast (15/15)
 E - a wand of flame (15/48)
 G - a wand of iceblast (6/15)
 L - a wand of flame (31/48)
Scrolls
 h - a scroll of recharging
 i - 5 scrolls of remove curse
 l - 2 scrolls of identify
 n - 4 scrolls of teleportation
 r - a scroll of immolation
 w - a scroll of enchant weapon {unknown}
 y - a scroll of magic mapping {unknown}
 B - a scroll of silence {unknown}
 H - a scroll of random uselessness {unknown}
 I - a scroll of blinking {unknown}
 N - a scroll of brand weapon {unknown}
Potions
 g - a potion of brilliance
 m - a potion of might
 p - 3 potions of haste
 u - 4 potions of degeneration
 C - a potion of curing {unknown}
 J - 2 potions of heal wounds {unknown}
Books
 q - a book of Callings

   Spells                             Type                      Level
   a - Summon Small Mammal            Summoning                    1
   b - Call Imp                       Summoning                    2
   c - Call Canine Familiar           Summoning                    3
   d - Summon Guardian Golem          Hexes/Summoning              3
   e - Summon Lightning Spire         Summoning/Air                4
   f - Summon Ice Beast               Ice/Summoning                4
 M - a book of Beasts

   Spells                             Type                      Level
   a - Summon Butterflies             Summoning                    1
   b - Call Canine Familiar           Summoning                    3
   c - Summon Ice Beast               Ice/Summoning                4
   d - Summon Mana Viper              Hexes/Summoning              5
   e - Summon Hydra                   Summoning                    7
Comestibles
 f - 9 bread rations
 k - 15 fruits
 o - 6 meat rations
 A - 6 royal jellies
 Q - 3 chunks of flesh


   Skills:
 + Level 8.9 Fighting
 - Level 7.2(12.9) Axes
 - Level 14.1(14.5) Maces & Flails
 + Level 8.4 Armour
 - Level 3.2 Shields


You had 10 spell levels left.
You didn't know any spells.

Dungeon Overview and Level Annotations

Branches:
Dungeon (11/15)            Temple (1/1) D:4            Lair (0/6) D:9
    Orc: D:9-12

Altars:
Ashenzari
Cheibriados
Dithmenos
Elyvilon
Fedhas
Gozag
Hepliaklqana
Kikubaaqudgha
Makhleb
Nemelex Xobeh
Okawaru
Qazlal
Ru
Sif Muna
Uskayaw
Vehumet
Xom
Yredelemnul
Zin
The Shining One

Shops:
D:4 (


Innate Abilities, Weirdness & Mutations

Your life essence is reduced to manifest your ancestor. (-10% HP)
You are partially covered in large bone plates. (SH +4)
You are agile. (Dex +2)
You can translocate small distances at will.
Your flesh is cold resistant. (rC+)
You are frail. (-10% HP)
Your movements are slightly less encumbered by armour. (ER -2)


Message History

Gang up on whom?
Press: ? - help, Dir - move target cursor, f - wyvern
Aim: a wyvern Attack!
The wyvern bites Fiddlesticks!
The wyvern bites Fiddlesticks!
Fiddlesticks is destroyed!
A cyclops comes into view.
The cyclops shouts!
As you read the scroll of teleportation, it crumbles to dust.
You feel strangely unstable. You block the wyvern's attack.
You barely miss the wyvern. You hit the wyvern.
The wyvern is lightly wounded.
The wyvern disappears!
The cyclops throws a large rock.
You block the large rock.
You see here a large rock.
Your surroundings suddenly seem different.
The cyclops throws a large rock.
The large rock hits you!!
You die...

#..[$.....
#..................
#..................
#..................
#..................
#..................
#..................
#.@................
#..................
#...............###
#>..........)..## #
#>.........ยง.(.#
#>.............# #
#.....C.........# #
#..................
..............


You could see a cyclops.

Vanquished Creatures
  A two-headed ogre (D:8)
  A hornet (D:10)
  Grinder (D:5)
  5 yaks (D:9)
  A hog (D:7)
  A human (D:7)
  A hungry ghost (D:4)
  Menkaure (D:6)
  2 wargs (D:9)
  A water moccasin (D:6)
  An ice beast (D:7)
  Duvessa (D:6)
  2 orc warriors
  A sky beast (D:10)
  2 necrophages (D:8)
  3 ogres
  2 centaurs (D:7)
  5 bullfrogs
  A big kobold (D:7)
  A scorpion (D:7)
  2 wyvern skeletons (D:9)
  Dowan (D:6)
  3 wights (D:7)
  6 howler monkeys
  A quasit (D:6)
  3 crimson imps
  2 bullfrog zombies
  4 hounds
  3 centaur skeletons
  8 orc priests
  3 jellies
  12 orc wizards
  2 iguanas
  Terence (D:2)
  4 worker ants
  2 killer bee zombies
  4 hound skeletons
  6 gnolls
  9 adders
  A worm (D:2)
  3 dart slugs
  5 leopard geckos
  24 orcs
  5 giant cockroaches
  4 goblins
  6 hobgoblins
  9 jackals
  6 kobolds
  6 quokkas
  2 ball pythons
  10 bats
  4 frilled lizards
  A quokka skeleton (D:5)
  2 quokka zombies
  6 rats
204 creatures vanquished.

Vanquished Creatures (collateral kills)
  A two-headed ogre (D:11)
  The ghost of Targos the Firebug, a novice HuFE of the Shining One (D:7)
  Sigmund (D:5)
  3 hogs (D:7)
  A warg (D:9)
  An orc warrior (D:10)
  An ice beast (D:8)
  A phantom (D:7)
  A centaur (D:7)
  An ogre (D:10)
  A wight (D:7)
  A crimson imp (D:7)
  2 orc priests
  2 orc wizards
  A shadow imp (D:7)
  5 orcs
  A goblin (D:4)
  A jackal (D:5)
26 creatures vanquished.

Vanquished Creatures (others)
  2 battlemagi
  An orc wizard (D:6)
3 creatures vanquished.

Grand Total: 233 creatures vanquished

Notes
Turn   | Place    | Note
-------+----------+-------------------------------------------
     0 | D:1      | gobwax the Hill Orc Fighter began the quest for the Orb.
     0 | D:1      | Reached XP level 1. HP: 19/19 MP: 1/1
    69 | D:1      | Reached XP level 2. HP: 8/26 MP: 2/2
   360 | D:1      | Reached XP level 3. HP: 28/31 MP: 3/3
   728 | D:2      | Reached skill level 5 in Axes
   757 | D:2      | Noticed Terence
   762 | D:2      | Gained mutation: You are frail. (-10% HP) [potion of mutation]
   762 | D:2      | Gained mutation: You are partially covered in large bone plates. (SH +4) [potion of mutation]
   762 | D:2      | Gained mutation: You have supernaturally acute eyesight. (SInv) [potion of mutation]
   763 | D:2      | Lost mutation: You have supernaturally acute eyesight. (SInv) [potion of mutation]
   763 | D:2      | Lost mutation: You are frail. (-10% HP) [potion of mutation]
   763 | D:2      | Gained mutation: Your body sometimes deteriorates upon taking damage. [potion of mutation]
   763 | D:2      | Gained mutation: You are agile. (Dex +2) [potion of mutation]
   763 | D:2      | Gained mutation: You are very agile. (Dex +4) [potion of mutation]
   765 | D:2      | Killed Terence
   765 | D:2      | Reached XP level 4. HP: 16/39 MP: 4/4
  1487 | D:2      | Reached XP level 5. HP: 45/45 MP: 5/5
  1545 | D:2      | Found a blossoming altar of Fedhas.
  1742 | D:4      | Found a staircase to the Ecumenical Temple.
  1756 | Temple   | Entered the Ecumenical Temple
  1891 | Temple   | Became a worshipper of Hepliaklqana the Forgotten
  2055 | D:4      | Found Tuthicie's Antique Weapon Emporium.
  2063 | D:4      | Bought a crystal whip for 150 gold pieces
  2063 | D:4      | Identified the +11 whip of the Extremely Mad {freeze, *Corrode rN+ MR+} (You bought it in a shop on level 4 of the Dungeon)
  2160 | D:4      | Noticed a hungry ghost
  2163 | D:4      | Reached skill level 1 in Maces & Flails
  2167 | D:4      | Killed a hungry ghost
  2167 | D:4      | Reached skill level 3 in Maces & Flails
  2167 | D:4      | Reached XP level 6. HP: 33/45 MP: 6/6
  2173 | D:4      | Reached skill level 4 in Maces & Flails
  2452 | D:5      | Entered Level 5 of the Dungeon
  2452 | D:5      | Noticed Grinder
  2463 | D:5      | Reached XP level 7. HP: 51/51 MP: 7/7
  2466 | D:5      | Killed Grinder
  2466 | D:5      | Reached skill level 6 in Maces & Flails
  2558 | D:5      | Reached skill level 7 in Maces & Flails
  2561 | D:5      | Reached * piety under Hepliaklqana
  2698 | D:5      | Found a shadowy altar of Dithmenos.
  2699 | D:5      | Noticed Sigmund
  2707 | D:5      | Killed Sigmund
  2707 | D:5      | Reached skill level 8 in Maces & Flails
  2707 | D:5      | Reached XP level 8. HP: 44/57 MP: 8/8
  2839 | D:5      | Found a white marble altar of Elyvilon.
  2853 | D:5      | Got an ichor-stained hand axe
  2854 | D:5      | Identified the +8 hand axe "Adeoca" {drain, Int+2 Dex+3} (You found it on level 5 of the Dungeon)
  3117 | D:6      | Reached skill level 9 in Maces & Flails
  3288 | D:6      | Noticed Dowan
  3299 | D:6      | Killed Dowan
  3302 | D:6      | Noticed Duvessa
  3308 | D:6      | Killed Duvessa
  3313 | D:6      | Found a basalt altar of Yredelemnul.
  3409 | D:6      | Found a deep blue altar of Sif Muna.
  3548 | D:6      | Noticed Menkaure
  3554 | D:6      | Killed Menkaure
  3554 | D:6      | Reached skill level 10 in Maces & Flails
  3901 | D:6      | Reached ** piety under Hepliaklqana
  3902 | D:6      | Remembered your ancestor Fiddlesticks as a battlemage
  3935 | D:6      | Reached XP level 9. HP: 51/63 MP: 9/9
  4162 | D:7      | Reached skill level 11 in Maces & Flails
  4383 | D:7      | Reached skill level 12 in Maces & Flails
  4415 | D:7      | Lost mutation: Your body sometimes deteriorates upon taking damage. [potion of mutation]
  4415 | D:7      | Lost mutation: You are very agile. (Dex +4) [potion of mutation]
  4415 | D:7      | Gained mutation: You can translocate small distances at will. [potion of mutation]
  4415 | D:7      | Gained mutation: You are frail. (-10% HP) [potion of mutation]
  4415 | D:7      | Gained mutation: Your movements are slightly less encumbered by armour. (ER -2) [potion of mutation]
  4529 | D:7      | Reached skill level 13 in Maces & Flails
  4538 | D:7      | Noticed Targos's ghost (novice HuFE)
  4550 | D:7      | Killed Targos's ghost
  4550 | D:7      | Reached XP level 10. HP: 27/61 MP: 10/10
  4668 | D:7      | Reached skill level 14 in Maces & Flails
  5473 | D:8      | Reached *** piety under Hepliaklqana
  5484 | D:8      | Found a burning altar of Makhleb.
  5590 | D:8      | Noticed a two-headed ogre
  5597 | D:8      | Reached skill level 5 in Fighting
  5601 | D:8      | Killed a two-headed ogre
  5601 | D:8      | Reached skill level 5 in Armour
  5604 | D:8      | Found a shattered altar of Ashenzari.
  5846 | D:8      | Got a warped flail
  5850 | D:8      | Identified the +9 flail of Onoovvow {distort, SInv} (You found it on level 8 of the Dungeon)
  6504 | D:9      | Reached XP level 11. HP: 73/73 MP: 11/11
  6528 | D:9      | Found a staircase to the Lair.
  6883 | D:10     | Entered Level 10 of the Dungeon
  7059 | D:10     | Reached **** piety under Hepliaklqana
  7247 | D:10     | Gained mutation: Your flesh is cold resistant. (rC+) [mutagenic meat]
  7887 | D:11     | Noticed a white ugly thing
  7897 | D:11     | Noticed a two-headed ogre
  7905 | D:11     | Killed a two-headed ogre
  7913 | D:11     | Noticed a cyclops
  7919 | D:11     | Hit by a large rock thrown by a cyclops

Skill      XL: |  1  2  3  4  5  6  7  8  9 10 11 |
---------------+----------------------------------+-----
Axes           | 3 4 5 6 7 |  7.2
Maces & Flails | 3 4 8 10 13 14 | 14.1
Fighting       | 7 8 |  8.9
Armour         | 6 8 |  8.4
Shields        | |  3.2

Action                   |  1- 3 |  4- 6 |  7- 9 | 10-12 || total
-------------------------+-------+-------+-------+-------++-------
Melee: War axe           |    73 |   113 |       |       ||   186
       Whip              |       |    36 |   184 |   107 ||   327
       Flail             |       |       |       |   112 ||   112
Throw: Javelin           |       |       |     6 |       ||     6
Invok: Ancestor Identity |       |     2 |     1 |       ||     3
       Recall Ancestor   |       |       |     1 |     2 ||     3
       Ancestor Life: Ba |       |       |     1 |       ||     1
  Use: Potion            |     3 |       |     2 |     3 ||     8
       Scroll            |       |       |       |    10 ||    10
 Stab: Distracted        |       |       |     2 |     2 ||     4
  Eat: Chunk             |       |     5 |     7 |    12 ||    24
       Fruit             |       |     1 |       |       ||     1
Armor: Scale mail        |    44 |       |       |       ||    44
       Chain mail        |       |    63 |    44 |    39 ||   146
Dodge: Dodged            |    23 |    29 |    12 |    18 ||    82
Block: Shield            |    35 |   114 |    61 |    98 ||   308
